 Dungeon Crawl Stone Soup version 0.27.0-1-g7a089689b8 (webtiles) character file.

Game seed: 6720394602460263707

53 asterach the Sneak (level 3, 0/17 HPs)
             Began as a Vine Stalker Enchanter on July 31, 2021.
             Was a Believer of Qazlal.
             Slain by a worm (4 damage)
             ... on level 2 of the Dungeon.
             The game lasted 00:04:37 (2195 turns).

asterach the Sneak (Vine Stalker Enchanter)         Turns: 2195, Time: 00:04:38

Health: 0/17       AC:  2    Str: 10    XL:     3   Next: 87%
Magic:  0/7        EV: 12    Int: 15    God:    Qazlal [**....]
Gold:   108        SH:  2    Dex: 21    Spells: 5/6 levels left

rFire    . . .     SeeInvis .   a - +1 dagger
rCold    . . .     Faith    .   (no shield)
rNeg     . . .     Spirit   +   b - +0 robe
rPois    .         Reflect  .   (no helmet)
rElec    .         Harm     .   (no cloak)
rCorr    .         Rampage  .   (no gloves)
Will     +....                  (no boots)
Stlth    +++.......             d - amulet of magic regeneration
HPRegen  0.05/turn              i - ring of willpower
MPRegen  0.35/turn              j - +6 ring of dexterity

@: no status effects
A: fangs 2, magic shield, antimagic bite, no potion heal 2
a: Renounce Religion, Upheaval


You were on level 2 of the Dungeon.
You worshipped Qazlal.
Qazlal was pleased with you.
You visited 1 branch of the dungeon, and saw 2 of its levels.

You collected 108 gold pieces.

Inventory:

Hand Weapons
 a - a +1 dagger (weapon)
Armour
 b - a +0 robe (worn)
Jewellery
 d - an amulet of magic regeneration (around neck)
 i - a ring of willpower (left hand)
 j - a +6 ring of dexterity (right hand)
Scrolls
 e - a scroll of blinking {unknown}
 g - a scroll of teleportation {unknown}
Potions
 c - a potion of resistance {unknown}
 f - a potion of heal wounds {unknown}
 h - a potion of brilliance
 k - a potion of mutation {unknown}
 l - a potion of cancellation {unknown}
 m - 2 potions of might


   Skills:
 + Level 0.6 Fighting
 + Level 1.2 Short Blades
 + Level 1.9 Dodging
 - Level 4.0 Stealth
 + Level 2.4 Spellcasting
 + Level 3.6 Hexes


You had 5 spell levels left.
You knew the following spells:

 Your Spells              Type           Power      Damage    Failure   Level
a - Corona                Hex            13%        N/A       4%          1

Your spell library contained the following spells:

 Spells                   Type           Power      Damage    Failure   Level
 Confusing Touch          Hex            12%        N/A       14%         3
 Tukima's Dance           Hex            12%        N/A       14%         3
 Ensorcelled Hibernation  Hex/Ice        14%        N/A       16%         2
 Dazzling Flash           Conj/Hex       14%        N/A       30%         3


Dungeon Overview and Level Annotations

Branches:
Dungeon (2/15)

Altars:
Qazlal


Innate Abilities, Weirdness & Mutations

You have extremely sharp teeth.
When hurt, damage is shared between your health and your magic reserves.
Your bite disrupts and absorbs the magic of your enemies.
Potions cannot restore your health.


Message History

You closely miss the goblin. The goblin hits you with a +0 club.
* * * LOW HITPOINT WARNING * * *
You hit the goblin.
You kill the goblin!
Qazlal accepts your kill.
You closely miss the orc. You bite the orc, but do no damage.
The orc barely misses you.
You hit the orc. You bite the orc. You drain its power.
You feel invigorated.
The orc is severely wounded.
The orc hits you with a +0 hand axe.
* * * LOW HITPOINT WARNING * * *
You hit the orc.
You kill the orc!
Qazlal accepts your kill.
You can now call upon nature to destroy your foes.
You start resting.
Magic restored.
You feel a little less clever now.
You feel a little less mighty now.
HP restored.
You now have 108 gold pieces (gained 32).
Items here: ( ))))) [[ ÷÷÷.
You can't go up here!
Okay, then.
A worm comes into view.
Found a scroll labelled SULAMU MITOS.
The worm bites you!
You hit the worm.
The worm is lightly wounded.
The worm bites you!
* * * LOW HITPOINT WARNING * * *
You are too injured to fight recklessly!
You are too injured to fight recklessly!
You hit the worm. You bite the worm. You drain its power.
You feel invigorated.
The worm is moderately wounded.
You barely miss the worm. You bite the worm. You drain its power.
You feel invigorated.
The worm is moderately wounded.
The worm bites you!
You die...

##.#####.....#.......
.........###.##......
.........# #.........
######### #####.÷...
###..†... #........
.######## #.######.
...?..w.###### #.# ##
## #@.....# #.# #..##
######.# #.####...
#######.###.##8#.##
............#...8..
##########..#...#..
#......... #..#..###.
#..#.###.# #..###.###


You could see a worm.

Vanquished Creatures
  A dart slug (D:1)
  3 orcs (D:2)
  3 ball pythons (D:1)
  3 bats (D:1)
  6 endoplasms
  4 giant cockroaches
  5 hobgoblins
  3 quokkas (D:1)
  4 frilled lizards
  5 goblins
  2 kobolds (D:1)
  4 rats
43 creatures vanquished.

Notes
Turn   | Place    | Note
-------+----------+-------------------------------------------
     0 | D:1      | asterach the Vine Stalker Enchanter began the quest for the
                  | Orb.
     0 | D:1      | Reached XP level 1. HP: 9/9 MP: 4/4
   223 | D:1      | Reached skill level 4 in Stealth
   321 | D:1      | Reached XP level 2. HP: 11/13 MP: 4/6
   375 | D:1      | Reached skill level 1 in Short Blades
   526 | D:1      | Found a faded altar of an unknown god.
   577 | D:1      | Became a worshipper of Qazlal Stormbringer
   577 | D:1      | Reached * piety under Qazlal
   981 | D:1      | Reached XP level 3. HP: 17/17 MP: 7/7
  1878 | D:2      | Reached ** piety under Qazlal
  2195 | D:2      | Slain by a worm

Illustrated notes

Levels and vault maps discovered:
D:1:      minmay_arrival_semitransparent, layout_loops_corners,
          shapermc_ecumenical_altar_starsandcircs, serial_forest,
          infiniplex_forest_straight_3, infiniplex_forest_lined_3,
          infiniplex_forest_clump_long, infiniplex_forest_lined_room_2,
          infiniplex_forest_fountain, infiniplex_forest_diagonal
D:2:      layout_rooms, guppyfry_early_orc_mine

Skill      XL: |  1  2 |
---------------+-------+-----
Stealth        | 4 |  4.0
Short Blades   | 1 |  1.2
Fighting       | |  0.6
Dodging        | |  1.9
Spellcasting   | |  2.4
Hexes          | |  3.6

Action                   || total
-------------------------++-------
Melee: Dagger            ||   130
       Bite              ||    38
  Use: Potion            ||     2
 Stab: Sleeping          ||     1
Armor: Robe              ||    25
Dodge: Dodged            ||    68
Block: Other             ||     3
